cohdb
Replays
Latest Replays
All Replays
Popular Replays
Top Player Replays
Match Explorer
How It Works
Community
CoH3 Stats
Reddit
Sign in to upload your games and track your stats! →
Sign in with Steam
Match 43315647
Unlisted
Match 43315647
Overview
Messages
Build Orders
End
Pioneer Squad
Pioneer Squad
Construct Infanterie Kompanie
Selects Terror Battlegroup
Selects Machine Gun Camouflage
MG 42 Machine Gun Team
MG 42 Machine Gun Team
Grenadier Squad
Grenadier Squad
Infanterie Officer Quarters
Construct Luftwaffe Kompanie
Jäger Squad
Jäger Squad
Flak 30 Anti-aircraft Gun Team
Medical Station
Luftwaffe Officer Quarters
Jäger Squad
Selects Defend the Fatherland
Selects King Tiger Heavy Tank
King Tiger Heavy Tank
ironicusername17
Onoyk
0
0
Comments
sign in to comment!
No comments posted yet!